 Dungeon Crawl Stone Soup version 0.26.0-15-gc6cd9f700b (webtiles) character file.

Game seed: 9408219347770895241

777 Alvadar the Thaumaturge (level 7, -12/36 HPs)
             Began as a Deep Elf Conjurer on Jan 17, 2021.
             Mangled by an ogre
             ... wielding a +0 giant spiked club
              (16 damage)
             ... while paralysed by Grinder
             ... on level 5 of the Dungeon.
             The game lasted 00:10:38 (5547 turns).

Alvadar the Thaumaturge (Deep Elf Conjurer)         Turns: 5547, Time: 00:10:39

Health: -12/36     AC:  5    Str:  4    XL:     7   Next: 54%
Magic:  20/21      EV:  2    Int: 25    God:
Gold:   201        SH:  0    Dex: 13    Spells: 21/24 levels left

rFire    . . .     SeeInvis .   m - +0 dagger (protect)
rCold    . . .     Faith    .   (no shield)
rNeg     . . .     Spirit   .   v - +0 leather armour
rPois    .         Reflect  .   (no helmet)
rElec    .         Harm     .   n - +0 cloak
rCorr    .         Rampage  .   (no gloves)
Will     .....                  d - +0 pair of boots
Stlth    ++........             (no amulet)
HPRegen  0.12/turn              h - +4 ring of evasion
MPRegen  0.17/turn              (no ring)

@: paralysed
A: no striking features
a: no special abilities


You were on level 5 of the Dungeon.
You visited 1 branch of the dungeon, and saw 5 of its levels.

You collected 201 gold pieces.

Inventory:

Hand Weapons
 m - a +0 dagger of protection (weapon)
Armour
 d - a +0 pair of boots (worn)
 n - a +0 cloak (worn)
 v - a +0 leather armour (worn)
Jewellery
 h - a +4 ring of evasion (left hand)
Scrolls
 b - 9 scrolls of identify
 e - a scroll of fog {unknown}
 g - 4 scrolls of remove curse
 i - 4 scrolls of teleportation {unknown}
 o - a scroll of random uselessness {unknown}
 q - a scroll of enchant armour {unknown}
 s - a scroll of amnesia {unknown}
Potions
 a - a potion of heal wounds
 c - a potion of curing
 j - a potion of flight {unknown}
 k - 2 potions of brilliance {unknown}
 r - a potion of lignification {unknown}
 t - a potion of attraction {unknown}
 u - a potion of degeneration {unknown}


   Skills:
 - Level 2.4 Dodging
 - Level 2.5 Stealth
 * Level 9.1 Spellcasting
 + Level 7.2 Conjurations


You had 21 spell levels left.
You knew the following spells:

 Your Spells              Type           Power        Failure   Level
a - Magic Dart            Conj           100%         1%          1
b - Searing Ray           Conj           94%          1%          2

Your spell library contained the following spells:

 Spells                   Type           Power        Failure   Level
 Dazzling Flash           Conj/Hex       58%          7%          3
 Freeze                   Ice            44%          10%         1
 Fulminant Prism          Conj/Hex       14%          22%         4
 Hailstorm                Conj/Ice       29%          22%         4
 Iskenderun's Mystic Bla  Conj/Tloc      29%          22%         4
 Frozen Ramparts          Ice            22%          28%         3
 Ozocubu's Armour         Ice            11%          28%         3
 Summon Ice Beast         Ice/Summ       11%          67%         4


Dungeon Overview and Level Annotations

Branches:
Dungeon (5/15)
 Temple: D:4-7

Altars:
Cheibriados
Elyvilon
Makhleb
Trog

Annotations:
D:5 Grinder


Message History

Press: ? - help, Q - select action, (/) - cycle Shift-Dir - straight line, f - orc
Aim: an orc, wielding a +0 war axe (18% to evade)
Okay, then.
The orc wizard casts a spell at you. The magic dart hits you!
Grinder gestures at you.
You suddenly lose the ability to move!
The orc wizard gestures at you while chanting.
The magic dart hits you.
Grinder blinks!
A giant cockroach comes into view.
The ogre hits you with a +0 giant spiked club!
* * * LOW HITPOINT WARNING * * *
The orc throws a boomerang.
The boomerang hits you.
* * * LOW HITPOINT WARNING * * *
The weapon returns to the orc!
The orc hits you with a +0 war axe.
* * * LOW HITPOINT WARNING * * *
The orc wizard hits you but does no damage.
The ogre hits you with a +0 giant spiked club!
You die...

.............
............. #.
............ ...
#..)........
#..##...........
#.............#.
..#......5oB......
........o.O.>.....
....##.#.@o.......
.....#.#..####....
.............#....
.................
...............##
.......)...#...#
.......†#......# .
.................
#####.
)...............#
.....


You could see Grinder, an ogre, an orc wizard, 2 orcs and a giant cockroach.

Vanquished Creatures
  Edmund (D:4)
  An ice beast (D:3)
  A necrophage (D:3)
  An ogre (D:5)
  A scorpion (D:4)
  A howler monkey (D:4)
  A hound (D:4)
  A bullfrog skeleton (D:4)
  An iguana (D:4)
  3 orc wizards (D:4)
  A hound skeleton (D:4)
  2 adders
  3 worms
  2 dart slugs (D:2)
  4 leopard geckos
  13 orcs
  A ball python (D:3)
  3 giant cockroaches (D:3)
  8 hobgoblins
  18 jackals
  A quokka (D:2)
  5 bats
  A frilled lizard (D:3)
  14 goblins
  11 kobolds
  8 rats
107 creatures vanquished.

Notes
Turn   | Place    | Note
-------+----------+-------------------------------------------
     0 | D:1      | Alvadar the Deep Elf Conjurer began the quest for the Orb.
     0 | D:1      | Reached XP level 1. HP: 10/10 MP: 6/6
   235 | D:1      | Reached XP level 2. HP: 15/15 MP: 1/8
   391 | D:1      | Reached skill level 5 in Conjurations
  1074 | D:1      | Learned a level 2 spell: Searing Ray
  1085 | D:2      | Reached XP level 3. HP: 7/19 MP: 4/9
  1992 | D:2      | Reached skill level 4 in Spellcasting
  2389 | D:2      | Reached XP level 4. HP: 24/24 MP: 4/12
  2976 | D:3      | Noticed a necrophage
  2986 | D:3      | Killed a necrophage
  2987 | D:3      | Reached skill level 5 in Spellcasting
  2987 | D:3      | Reached XP level 5. HP: 28/28 MP: 2/14
  3112 | D:3      | Found a snail-covered altar of Cheibriados.
  3275 | D:3      | Noticed an ice beast
  3282 | D:3      | Killed an ice beast
  3283 | D:3      | Reached skill level 6 in Spellcasting
  3570 | D:3      | Reached XP level 6. HP: 32/32 MP: 12/17
  4065 | D:4      | Reached skill level 7 in Spellcasting
  4421 | D:4      | Found a burning altar of Makhleb.
  4422 | D:4      | Noticed Edmund
  4440 | D:4      | Killed Edmund
  4441 | D:4      | Reached XP level 7. HP: 16/36 MP: 5/20
  4671 | D:4      | Reached skill level 8 in Spellcasting
  4878 | D:4      | Found a bloodstained altar of Trog.
  5235 | D:4      | Found a white marble altar of Elyvilon.
  5420 | D:5      | Entered Level 5 of the Dungeon
  5468 | D:5      | Reached skill level 9 in Spellcasting
  5537 | D:5      | Noticed Grinder
  5541 | D:5      | Paralysed by Grinder for 7 turns
  5547 | D:5      | Mangled by an ogre

Illustrated notes

Levels and vault maps discovered:
D:1:      evilmike_arrival_home_sweet_home, layout_loops_ring
D:2:      layout_loops_corners, serial_rivers, chequers_serial_rivers_micro_e,
          chequers_serial_rivers_room_b, chequers_serial_rivers_small_b,
          chequers_serial_rivers_small_3
D:3:      layout_loops_ring, general_overflow_altar, dk_noncrumbling_4
D:4:      layout_loops_cross, old_standard_altar,
          nicolae_overflow_crystal_walls, lemuel_doored_altar, minmay_pentangle,
          uniq_edmund
D:5:      layout_cave_pools, nzn_hepliaklqana_mist_gate, uniq_grinder,
          uniq_blork_the_orc, uniq_sigmund

Skill      XL: |  1  2  3  4  5  6  7 |
---------------+----------------------+-----
Conjurations   | 5 6 7 |  7.2
Spellcasting   | 4 5 6 7 9 |  9.1
Dodging        | |  2.4
Stealth        | |  2.5

Action                   |  1- 3 |  4- 6 |  7- 9 || total
-------------------------+-------+-------+-------++-------
Melee: Dagger            |    15 |     1 |       ||    16
       Unarmed           |     1 |       |       ||     1
 Cast: Magic Dart        |    82 |    13 |       ||    95
       Searing Ray       |     3 |    33 |    19 ||    55
  Use: Scroll            |     4 |       |       ||     4
       Potion            |     1 |     1 |       ||     2
Armor: Robe              |     1 |     2 |       ||     3
       Leather armour    |       |       |     3 ||     3
Dodge: Dodged            |    26 |    19 |     1 ||    46
